Map: [ESL] Data-C

Players

LiquidElazer (Elazer) - Winner!

  • Race: Zerg Zerg
  • Spawn Location: 3:00

Ryung

  • Race: Terran Terran
  • Spawn Location: 9:00

Event: HomeStory Cup XXI

VOD

Have the link to the VOD?

Description

Time

  • Played on: July 23, 2022, 6:59 a.m.
  • Length: 36:42

All games in this series

Show
View Real Time Build Order
Export as new Build Order

LiquidElazer Zerg - Winner!

Build Orders: Hatch First, Lurkers 

Get SALT Encoding   

  12  0:00  Drone  
  13  0:12  Overlord  
  13  0:16  Drone  
  14  0:30  Drone x2  
  16  0:48  Hatchery  
  15  0:51  Drone  
  15  0:54  Drone  
  17  0:57  Drone  
  18  1:08  Extractor  
  17  1:13  Spawning Pool  
  17  1:16  Drone  
  17  1:19  Drone  
  18  1:27  Drone  
  19  1:38  Drone  
  20  1:48  Drone  
  21  1:59  Queen x2  
  21  2:01  Spine Crawler, Zergling x4  
  26  2:17  Zergling x4  
  26  2:27  Drone  
  24  2:43  Drone x4  
  28  2:53  Metabolic Boost  
  28  3:06  Overlord  
  28  3:24  Drone x6  
  28  3:26  Queen  
  36  3:37  Overlord  
  36  3:38  Overlord  
  36  3:53  Hatchery  
  36  3:55  Drone  
  36  3:56  Drone x3  
  36  3:59  Drone  
  36  4:02  Drone x2  
  42  4:05  Drone  
  43  4:14  Queen  
  43  4:15  Drone x3  
  48  4:20  Overlord  
  48  4:26  Drone x4  
  52  4:38  Queen  
  52  4:39  Overlord  
  52  4:41  Drone x4  
  52  4:45  Drone x2  
  60  4:51  Overlord  
  60  4:57  Queen  
  62  5:00  Drone x4  
  62  5:05  Queen  
  68  5:09  Overlord  
  68  5:12  Overlord  
  68  5:14  Lair  
  68  5:16  Overlord  
  68  5:17  Drone  
  68  5:19  Extractor  
  68  5:21  Extractor, Drone x3  
  71  5:26  Baneling Nest  
  69  5:30  Drone x5  
  69  5:33  Queen  
  76  5:38  Drone  
  76  5:39  Drone x2  
  76  5:40  Zergling x6  
  76  5:41  Zergling x2  
  83  5:44  Queen  
  86  5:50  Zergling x4  
  86  5:56  Overlord  
  86  5:58  Zergling x6  
  86  6:02  Overlord  
  89  6:10  Zergling x2  
  89  6:11  Zergling x8  
  94  6:13  Hatchery  
  94  6:14  Queen  
  94  6:18  Centrifugal Hooks  
  95  6:19  Baneling x3  
  95  6:21  Drone x3, Extractor  
  95  6:22  Overlord  
  95  6:26  Zergling x2  
  95  6:27  Zergling x4  
  95  6:30  Overlord x2  
  98  6:37  Spore Crawler  
  98  6:39  Overlord  
  97  6:41  Drone  
  97  6:42  Evolution Chamber x2  
  97  6:46  Zergling x8  
  97  6:47  Zergling x6  
  103  6:48  Baneling x5  
  103  6:52  Zergling x8  
  107  6:58  Overlord, Drone  
  108  7:04  Zergling x6  
  110  7:09  Zerg Melee Weapons Level 1, Zerg Ground Armor Level 1  
  110  7:10  Zergling x4  
  111  7:20  Zergling x12  
  117  7:25  Zergling x2  
  117  7:26  Zergling x8  
  119  7:33  Drone x4  
  119  7:36  Drone  
  122  7:37  Drone  
  122  7:40  Drone  
  122  7:43  Drone  
  119  7:47  Drone x2  
  119  7:48  Drone x3  
  119  7:50  Drone  
  125  7:57  Baneling  
  125  7:58  Baneling x9  
  125  7:59  Zergling x12  
  125  8:00  Zergling x4  
  125  8:04  Baneling  
  131  8:05  Baneling  
  131  8:07  Zergling x4  
  131  8:10  Zergling x2, Hatchery  
  131  8:11  Zergling x2  
  134  8:13  Overlord  
  134  8:18  Zergling x14  
  140  8:29  Zergling x8  
  129  8:36  Zergling x6  
  118  8:45  Zergling x24  
  124  8:50  Queen x2  
  124  8:52  Zergling x2  
  124  8:53  Zergling x4  
  124  8:54  Queen  
  131  8:58  Queen  
  131  9:02  Zergling x8  
  134  9:04  Overlord  
  134  9:09  Zergling x2  
  125  9:10  Zergling x6  
  125  9:13  Zerg Ground Armor Level 2, Zerg Melee Weapons Level 2  
  125  9:15  Baneling x13  
  122  9:18  Overlord  
  122  9:21  Baneling x3, Zergling x26  
  122  9:22  Overseer  
  135  9:26  Pneumatized Carapace, Zergling x2  
  135  9:27  Zergling x2  
  135  9:30  Burrow  
  135  9:39  Overlord  
  135  9:40  Drone x4  
  135  9:44  Spore Crawler  
  138  9:48  Zergling x14  
  138  9:52  Overlord  
  145  9:53  Baneling  
  145  9:57  Drone x4  
  148  10:06  Drone x8  
  148  10:07  Drone  
  154  10:11  Baneling x13  
  154  10:18  Zergling x20  
  162  10:26  Overlord  
  160  10:30  Baneling x8  
  160  10:31  Zergling x10  
  164  10:40  Zergling x4  
  164  10:41  Extractor, Overlord x3  
  165  10:42  Extractor  
  165  10:46  Drone x4  
  165  10:47  Extractor, Hydralisk Den  
  165  10:48  Infestation Pit  
  165  10:54  Overlord  
  165  10:56  Extractor, Drone  
  163  10:57  Drone x3  
  163  11:03  Zergling x22  
  175  11:10  Zergling x2  
  175  11:11  Zergling x10  
  181  11:18  Drone x3  
  184  11:22  Grooved Spines  
  184  11:24  Hive, Drone  
  185  11:25  Lurker Den  
  185  11:26  Extractor  
  185  11:27  Extractor  
  185  11:28  Spore Crawler x2  
  185  11:31  Drone x6  
  186  11:33  Drone x3  
  186  11:35  Zergling x2  
  186  11:36  Spine Crawler x3, Zergling x4  
  186  11:47  Hydralisk x7  
  199  11:59  Zergling x2  
  200  12:01  Baneling x8  
  200  12:03  Zerg Missile Weapons Level 1  
  200  12:14  Zergling x2  
  200  12:17  Baneling x14  
  195  12:24  Zergling x14  
  195  12:26  Hatchery  
  199  12:34  Muscular Augments  
  199  12:42  Zergling x2  
  200  12:47  Hatchery  
  200  12:50  Zerg Ground Armor Level 3, Adrenal Glands  
  200  12:51  Seismic Spines  
  198  13:04  Overlord  
  197  13:11  Viper  
  197  13:12  Overlord  
  182  13:33  Viper x2  
  183  13:35  Hydralisk x8  
  183  13:37  Overseer  
  183  13:38  Overseer x3  
  183  13:39  Overlord x3  
  199  13:48  Adaptive Talons  
  182  13:59  Hydralisk x3  
  182  14:01  Zerg Missile Weapons Level 2  
  186  14:07  Lurker x6  
  186  14:08  Lurker x6  
  186  14:09  Zergling x4  
  200  14:17  Spine Crawler x2  
  200  14:19  Spore Crawler, Spine Crawler  
  200  14:20  Spore Crawler  
  145  15:09  Hydralisk x14  
  145  15:12  Viper x3  
  145  15:13  Zergling x14  
  145  15:14  Zergling x66  
  198  15:26  Zergling x4  
  200  15:28  Overseer x2  
  200  15:29  Overseer x2  
  200  15:30  Overlord x2  
  200  15:32  Baneling  
  200  15:33  Baneling x29  
  179  16:01  Zergling x12  
  179  16:02  Zergling x30  
  177  16:06  Zergling x38  
  177  16:09  Lurker x4  
  177  16:10  Lurker x3  
  200  16:21  Zerg Melee Weapons Level 3, Zerg Missile Weapons Level 3  
  200  16:23  Baneling  
  200  16:24  Baneling x15  
  200  16:25  Hatchery  
  199  16:26  Zergling x2  
  199  16:31  Hatchery  
  125  16:54  Unknown  
  125  16:56  Hydralisk x12  
  130  17:01  Zergling x22  
  130  17:02  Zergling x40  
  158  17:12  Drone x11  
  158  17:15  Extractor x2, Hydralisk  
  167  17:16  Hydralisk x2  
  167  17:21  Drone x6  
  179  17:33  Lurker x9  
  188  17:41  Hydralisk  
  188  17:42  Hydralisk x3  
  196  18:00  Hydralisk x2  
  196  18:01  Unknown  
  196  18:02  Hatchery  
  196  18:03  Baneling x20  
  197  18:16  Viper  
  200  18:23  Spore Crawler x2  
  200  18:24  Spine Crawler  
  200  18:25  Zergling x6  
  200  18:26  Spine Crawler  
  199  18:27  Spine Crawler  
  199  18:28  Spine Crawler  
  175  18:47  Hydralisk x11  
  185  18:51  Overseer  
  185  18:53  Hydralisk, Overseer x5  
  185  18:54  Hydralisk  
  186  18:56  Lurker x6  
  186  19:00  Zergling x16  
  190  19:26  Zergling x18  
  199  19:49  Spire x2  
  199  19:52  Pathogen Glands  
  152  20:17  Zergling x42  
  161  20:22  Lurker  
  161  20:23  Baneling, Lurker  
  161  20:24  Zergling x26  
  161  20:27  Infestor x8  
  192  20:36  Extractor  
  192  20:40  Extractor  
  189  20:49  Neural Parasite  
  188  20:56  Baneling x18, Zergling x2  
  197  20:57  Zergling x16  
  197  21:00  Drone x2  
  199  21:18  Hatchery  
  185  21:34  Zergling x2  
  185  21:35  Zergling x30  
  185  21:37  Zerg Flyer Armor Level 1, Zerg Flyer Weapons Level 1  
  186  21:44  Zergling x28  
  194  21:57  Lurker  
  194  21:58  Lurker x2  
  197  22:09  Drone x2  
  199  22:18  Spore Crawler  
  199  22:19  Spore Crawler  
  197  22:34  Extractor  
  191  23:18  Drone x8, Extractor  
  185  23:31  Zerg Flyer Armor Level 2, Greater Spire  
  185  23:38  Spore Crawler  
  184  23:45  Spore Crawler  
  184  23:48  Drone x2  
  179  23:49  Drone x6  
  179  23:55  Spore Crawler  
  184  23:57  Corruptor x4  
  184  23:58  Corruptor x3  
  198  24:09  Spine Crawler  
  197  24:13  Spine Crawler  
  197  24:14  Spine Crawler  
  197  24:16  Spine Crawler  
  194  24:41  Infestor x2  
  194  24:42  Infestor x2  
  194  24:48  Infestor  
  194  24:54  Zerg Flyer Weapons Level 2  
  194  25:01  Spore Crawler  
  194  25:02  Spore Crawler x2  
  182  25:14  Brood Lord x7  
  184  25:36  Corruptor x8  
  184  25:42  Hatchery, Overseer x2  
  181  26:17  Brood Lord x8  
  193  26:25  Corruptor x3  
  197  26:35  Spore Crawler x2  
  195  26:40  Zerg Flyer Armor Level 3  
  195  26:41  Spore Crawler  
  193  26:53  Zergling x12  
  193  26:54  Zergling x20  
  194  27:07  Brood Lord x2  
  192  27:17  Brood Lord  
  192  27:18  Infestor x2  
  191  27:44  Corruptor  
  191  27:45  Corruptor x3  
  189  28:06  Zergling x22  
  194  28:13  Infestor x3  
  195  28:33  Brood Lord x4  
  197  28:36  Zergling x8  
  197  28:55  Overlord x2  
  193  28:57  Zerg Flyer Weapons Level 3  
  191  29:04  Viper x2  
  192  29:18  Queen x4  
  199  29:29  Extractor  
  199  29:30  Hatchery  
  194  29:31  Extractor  
  194  29:33  Overlord x3, Overseer  
  194  29:35  Overseer  
  181  29:56  Drone x3  
  181  29:57  Drone x3  
  181  29:58  Viper x3  
  193  30:11  Zergling x12  
  197  30:45  Zergling x16  
  200  31:11  Spore Crawler x2  
  199  31:13  Spore Crawler  
  199  31:14  Spore Crawler  
  199  31:18  Zergling x16  
  196  31:32  Infestor x10  
  195  31:39  Corruptor x2  
  195  31:53  Corruptor x3  
  192  32:15  Brood Lord x2  
  192  32:25  Overseer  
  192  32:26  Brood Lord  
  192  32:27  Brood Lord  
  190  32:50  Corruptor x4  
  190  32:51  Corruptor  
  194  32:58  Spore Crawler  
  195  32:59  Spore Crawler  
  195  33:00  Spore Crawler  
  188  33:23  Zergling x2  
  188  33:24  Zergling x22  
  197  33:35  Brood Lord  
  196  33:42  Spore Crawler  
  196  33:43  Spore Crawler x3  
  183  33:57  Overlord  
  183  33:58  Overlord x3  
  180  34:04  Baneling x22  
  180  34:17  Brood Lord x4  
  180  34:18  Zergling x22  
  199  34:25  Spore Crawler x2  
  199  34:27  Spore Crawler  
  186  34:33  Zergling x28  
  199  34:39  Infestor x5  
  199  34:40  Infestor  
  199  34:49  Overlord x3  
  199  34:50  Overseer x5, Hatchery  
  198  34:58  Hatchery  
  164  35:35  Infestor x4  
  164  35:36  Infestor x6  
  164  35:41  Corruptor  
  164  35:42  Corruptor x9  
  184  35:52  Infestor x9  
  184  36:06  Queen x3  
Show
View Real Time Build Order
Export as new Build Order

Ryung Terran 

Build Orders:  

Get SALT Encoding   

  12  0:00  SCV  
  13  0:12  SCV  
  14  0:18  Supply Depot  
  14  0:24  SCV  
  15  0:41  Barracks  
  15  0:49  Barracks  
  15  0:53  SCV  
  16  1:05  Refinery, SCV  
  17  1:17  SCV  
  18  1:27  Marine  
  18  1:29  Orbital Command  
  19  1:37  Marine  
  19  1:39  Supply Depot  
  20  1:49  Marine  
  21  1:57  SCV  
  21  1:58  Bunker, Reaper  
  23  2:09  SCV  
  23  2:10  Reaper  
  25  2:25  SCV  
  23  2:41  SCV  
  24  2:46  Command Center  
  24  2:50  Factory  
  23  2:54  SCV  
  24  3:06  SCV  
  25  3:17  Command Center  
  25  3:18  SCV  
  26  3:30  SCV  
  26  3:32  Refinery  
  27  3:34  Factory Reactor  
  27  3:42  SCV  
  28  3:54  SCV  
  29  3:57  Orbital Command, Barracks Tech Lab  
  29  3:59  Barracks Reactor  
  29  4:00  Refinery  
  29  4:06  SCV  
  30  4:11  Hellion x2  
  30  4:15  Marine, Stimpack  
  35  4:18  SCV  
  35  4:21  Starport  
  35  4:23  SCV  
  37  4:29  Orbital Command  
  37  4:30  SCV  
  38  4:33  Hellion  
  38  4:36  SCV  
  38  4:37  Hellion  
  43  4:40  Marine x2  
  43  4:42  Marine  
  43  4:44  SCV  
  47  4:48  SCV  
  48  4:55  Supply Depot  
  48  4:56  SCV  
  48  4:58  SCV, Marine x2  
  52  5:05  Medivac x2  
  52  5:06  Factory Tech Lab  
  56  5:10  SCV x3  
  59  5:17  Marine x2  
  59  5:18  Marine  
  59  5:20  Supply Depot  
  62  5:23  SCV  
  62  5:24  SCV x2  
  62  5:28  Engineering Bay  
  65  5:29  Engineering Bay  
  65  5:36  SCV x3  
  65  5:40  Marine  
  65  5:41  Marine x2  
  71  5:45  Supply Depot  
  71  5:46  Barracks, Starport Reactor  
  71  5:51  Orbital Command, SCV x2  
  71  5:55  Terran Infantry Weapons Level 1  
  71  5:57  Terran Infantry Armor Level 1  
  73  6:00  Refinery, Siege Tank  
  76  6:05  Combat Shield  
  76  6:07  Marine x3  
  76  6:09  SCV  
  76  6:10  SCV  
  81  6:18  Supply Depot  
  81  6:19  Supply Depot  
  81  6:24  SCV x3  
  81  6:25  Medivac  
  85  6:40  SCV x3, Siege Tank, Medivac  
  85  6:42  Marine x4  
  97  6:52  Supply Depot  
  97  6:55  Barracks, Supply Depot  
  97  6:56  Barracks  
  97  6:58  SCV x3  
  100  7:08  Armory  
  100  7:10  SCV  
  100  7:14  SCV x2, Marine  
  100  7:15  Marine x3  
  106  7:22  SCV  
  108  7:26  SCV x2, Marine  
  111  7:32  Marine x3  
  111  7:33  Marine  
  115  7:39  Supply Depot x2  
  115  7:41  Siege Tank  
  118  7:44  Marine  
  118  7:50  Marine x3  
  118  7:51  Marine  
  125  7:54  Command Center  
  125  7:55  Barracks Reactor x2  
  125  7:56  Terran Infantry Armor Level 2, Terran Infantry Weapons Level 2  
  123  8:02  Marine  
  124  8:08  Marine x3  
  124  8:09  Marine  
  128  8:15  SCV x2  
  128  8:16  SCV  
  128  8:17  Siege Tank  
  132  8:20  Marine  
  132  8:21  Medivac  
  132  8:22  Medivac  
  132  8:26  Marine x4  
  141  8:29  Refinery  
  141  8:31  Factory  
  141  8:32  Marine  
  131  8:36  Marine x2  
  131  8:37  Marine x2  
  123  8:43  Marine  
  123  8:44  Marine x3  
  123  8:47  Terran Vehicle Weapons Level 1  
  123  8:49  Siege Tank  
  123  8:50  Marine  
  123  8:54  Marine x2  
  123  8:55  Marine x2  
  129  8:58  Medivac x2  
  129  9:01  SCV x2, Marine x2  
  129  9:02  Marine x2  
  138  9:08  Marine  
  130  9:12  Marine x2  
  130  9:13  Marine x2  
  130  9:16  Factory Tech Lab  
  129  9:19  Marine x3  
  129  9:20  Marine  
  129  9:22  Siege Tank  
  136  9:25  Sensor Tower  
  136  9:26  Refinery, Marine  
  136  9:29  Marine, Sensor Tower  
  136  9:30  Marine x2, Supply Depot x2  
  136  9:31  Marine  
  140  9:37  Marine  
  139  9:41  Siege Tank, Marine x2  
  139  9:42  Medivac x2  
  148  9:51  SCV x3  
  148  9:52  Planetary Fortress  
  151  10:05  Refinery  
  151  10:06  Refinery  
  151  10:09  Siege Tank  
  151  10:11  SCV  
  151  10:12  Barracks, SCV x2  
  151  10:13  Barracks, Siege Tank  
  158  10:15  Barracks  
  158  10:18  Marine x6  
  158  10:19  Marauder  
  162  10:25  Medivac  
  162  10:26  Medivac  
  164  10:34  Command Center  
  164  10:35  Marine x4  
  168  10:45  Command Center  
  168  10:51  Siege Tank  
  168  10:53  Factory  
  170  11:02  Barracks Tech Lab  
  170  11:03  Barracks Tech Lab x2, Ghost Academy  
  170  11:04  SCV x2  
  172  11:25  Supply Depot  
  172  11:27  Siege Tank x2, Supply Depot  
  172  11:30  Terran Infantry Weapons Level 3, Terran Vehicle Weapons Level 2, Terran Infantry Armor Level 3  
  178  11:36  Ghost, Barracks Tech Lab  
  164  11:42  Ghost  
  164  11:46  Ghost  
  164  11:50  Missile Turret  
  164  11:59  Infernal Pre-Igniter  
  164  12:01  Orbital Command  
  164  12:07  Missile Turret  
  167  12:08  Siege Tank x2  
  170  12:25  Ghost x3  
  170  12:26  Marine x6  
  176  12:41  Hellion x2  
  176  12:43  Command Center  
  180  12:44  Missile Turret  
  180  12:49  Sensor Tower  
  179  12:53  Siege Tank x2  
  179  12:54  Liberator x2  
  188  13:05  Missile Turret  
  188  13:08  Command Center  
  184  13:21  Hellion x2  
  184  13:24  Personal Cloaking  
  184  13:25  Missile Turret  
  187  13:27  Missile Turret  
  187  13:30  SCV x3  
  187  13:31  SCV  
  187  13:33  Sensor Tower  
  190  13:34  Missile Turret  
  182  13:57  Ghost x3  
  182  13:58  Ghost  
  182  13:59  Hellion, Siege Tank x2  
  182  14:00  Hellion  
  200  14:14  Missile Turret, Command Center  
  200  14:16  Missile Turret  
  200  14:17  Sensor Tower  
  200  14:27  Terran Vehicle Weapons Level 3  
  200  14:34  Planetary Fortress  
  200  14:46  Missile Turret x2  
  188  15:03  Siege Tank x2  
  171  15:14  Hellion x2  
  171  15:17  Liberator x2  
  171  15:19  Ghost x2  
  183  15:26  Marine x6  
  183  15:27  Refinery  
  189  15:31  Refinery, Sensor Tower  
  189  15:32  Neosteel Armor, Hi-Sec Auto Tracking  
  189  15:33  Armory  
  188  15:44  Hellion x2, Siege Tank x2  
  188  15:46  Missile Turret  
  174  16:00  Liberator x2  
  169  16:06  Fusion Core  
  169  16:07  Orbital Command  
  169  16:12  Sensor Tower  
  169  16:22  Hellion x2, Siege Tank x2  
  169  16:24  Orbital Command  
  179  16:36  Ghost x4  
  139  17:08  Siege Tank x2  
  139  17:09  Hellion x2, Liberator x2  
  152  17:25  Missile Turret  
  152  17:29  Missile Turret  
  152  17:31  Hellion x2  
  152  17:32  Advanced Ballistics  
  152  17:34  Terran Vehicle And Ship Armor Level 1  
  156  17:58  Hellion x2, Siege Tank x2  
  165  18:10  Liberator x2  
  166  18:49  Orbital Command  
  166  19:01  Siege Tank x2  
  172  19:08  Hellion x2  
  172  19:09  Liberator x2  
  179  19:22  Sensor Tower  
  179  19:23  Missile Turret  
  179  19:24  Missile Turret  
  179  19:35  Terran Vehicle And Ship Armor Level 2  
  179  19:36  Terran Ship Weapons Level 1  
  179  19:39  Widow Mine x4  
  187  20:00  Orbital Command, Widow Mine  
  187  20:03  Orbital Command  
  152  20:23  Siege Tank x2  
  152  20:24  Ghost x3, Hellion x2  
  152  20:26  Viking x2  
  172  20:36  Missile Turret  
  172  20:37  Refinery, Sensor Tower  
  172  20:40  Command Center  
  172  20:47  Missile Turret  
  172  20:51  Hellion x2  
  176  21:01  Marine x2  
  176  21:02  Marine x6  
  184  21:05  Thor  
  184  21:06  Thor  
  184  21:10  Refinery  
  194  21:20  Hellion x2  
  197  21:26  Orbital Command  
  197  21:29  Orbital Command  
  177  21:43  Hellion x2  
  177  22:05  Thor x2  
  189  22:09  Hellion  
  189  22:10  Hellion  
  189  22:11  Terran Vehicle And Ship Armor Level 3  
  193  22:51  Siege Tank  
  193  22:52  Siege Tank  
  199  23:06  Terran Ship Weapons Level 2  
  199  23:23  Missile Turret  
  196  23:41  Command Center  
  196  23:42  Command Center  
  196  24:36  Hellion  
  196  24:37  Hellion  
  198  24:46  Missile Turret  
  198  24:52  Factory  
  198  24:54  Factory, Planetary Fortress  
  194  25:22  Thor  
  200  25:39  Terran Ship Weapons Level 3  
  200  25:59  Orbital Command  
  200  26:01  Orbital Command  
  198  26:07  Hellion  
  198  26:08  Thor  
  195  26:15  Thor  
  195  26:18  Factory Tech Lab, Factory Reactor  
  193  26:36  Thor  
  193  26:39  Unknown  
  199  26:50  Thor  
  188  27:07  Thor  
  183  27:47  Hellion x5  
  183  27:48  Hellion  
  190  28:04  Thor  
  190  28:28  Orbital Command, Thor  
  188  28:35  Orbital Command  
  181  28:51  Thor  
  181  28:52  Thor  
  193  28:56  SCV x3  
  193  28:57  SCV x2  
  193  28:58  SCV  
  199  29:08  SCV  
  188  29:20  Hellion  
  188  29:21  Hellion x3  
  183  29:47  Thor  
  189  29:56  Ghost  
  189  29:57  Ghost x2  
  189  29:58  Ghost x2  
  199  30:16  Sensor Tower  
  199  30:17  Missile Turret  
  199  30:18  Orbital Command, Missile Turret  
  199  30:31  Command Center  
  193  30:49  Hellion x3  
  181  31:01  Hellion x4  
  181  31:02  Thor  
  181  31:03  Missile Turret  
  169  31:39  Marine x3  
  180  31:41  Hellion x3  
  180  31:58  Viking x2  
  180  32:00  Hellion, Ghost x2  
  180  32:01  Ghost x2  
  190  32:02  Hellion  
  190  32:05  Ghost  
  179  32:48  Ghost  
  179  32:49  Ghost x2  
  179  32:50  Ghost  
  179  32:52  Liberator x2  
  183  33:09  Hellion x3  
  183  33:10  Hellion x4  
  182  33:35  Liberator x2  
  158  34:32  Orbital Command, Missile Turret  
  158  34:34  Orbital Command  
  158  34:36  SCV x2  
  158  34:46  SCV  
  158  34:47  SCV  
  158  34:51  SCV  
  161  35:06  Planetary Fortress  
  161  35:21  Factory Tech Lab  
  141  35:48  Hellion  
  123  36:04  Hellion  
Tags
 
Composition
Lurkers
Matchup
TvZ
Spawn Locations
Cross Positions
Add a new tag
Caveats
  • Supply blocks, unpowered buildings, or Contaminate may cause inaccurate times.
  • Supply counts are checked every 10 seconds.